 Dungeon Crawl Stone Soup version 0.27-a0-1299-g1ab19c6527 (webtiles) character file.

Game seed: 11919236297878307667

46 wakim the Sneak (level 3, -2/18 HPs)
             Began as a Vine Stalker Brigand on June 16, 2021.
             Succumbed to a scorpion's poison
             ... on level 2 of the Dungeon.
             The game lasted 00:04:59 (1931 turns).

wakim the Sneak (Vine Stalker Brigand)              Turns: 1931, Time: 00:04:59

Health: -2/18      AC:  3    Str: 13    XL:     3   Next: 66%
Magic:  5/13       EV: 12    Int: 11    God:
Gold:   49         SH:  0    Dex: 16    Spells: 2/2 levels left

rFire    . . .     SeeInvis .   b - +0 dagger (speed)
rCold    . . .     Faith    .   (no shield)
rNeg     . . .     Spirit   +   l - +0 robe
rPois    .         Reflect  .   (no helmet)
rElec    .         Harm     .   c - +0 cloak
rCorr    .         Rampage  .   (no gloves)
Will     .....                  (no boots)
Stlth    +++.......             (no amulet)
HPRegen  0.06/turn              s - ring of magical power
MPRegen  0.13/turn              (no ring)

@: lethally poisoned (-2 -> -24)
A: fangs 2, magic shield, antimagic bite, no potion heal 2
a: no special abilities


You were on level 2 of the Dungeon.
You visited 1 branch of the dungeon, and saw 2 of its levels.

You collected 49 gold pieces.

Inventory:

Hand Weapons
 a - a +2 dagger
 b - a +0 dagger of speed (weapon)
Missiles
 d - 8 poisoned darts (quivered)
 e - 2 curare-tipped darts {=f}
Armour
 c - a +0 cloak (worn)
 l - a +0 robe (worn)
Jewellery
 s - a ring of magical power (left hand)
Scrolls
 f - a scroll of immolation {unknown}
 i - a scroll of holy word {unknown}
 k - a scroll of blinking {unknown}
 o - a scroll of teleportation {unknown}
 p - a scroll of fear {unknown}
 q - a scroll of enchant weapon {unknown}
 X - a scroll of fog
Potions
 h - a potion of haste {unknown}
 j - a potion of mutation {unknown}
 m - a potion of attraction {unknown}
 n - a potion of curing {unknown}
 r - a potion of might {unknown}
 J - a potion of heal wounds


   Skills:
 + Level 2.3 Fighting
 * Level 2.8 Short Blades
 - Level 1.7 Throwing
 + Level 1.4 Dodging
 - Level 4.8 Stealth


You had 2 spell levels left.
You didn't know any spells.
Your spell library was empty.

Dungeon Overview and Level Annotations

Branches:
Dungeon (2/15)

Altars:

Annotations:
D:2 exclusion: scorpion


Innate Abilities, Weirdness & Mutations

You have extremely sharp teeth.
When hurt, damage is shared between your health and your magic reserves.
Your bite disrupts and absorbs the magic of your enemies.
Potions cannot restore your health.


Message History

The jackal completely misses you.
You hit the jackal. You bite the jackal, but do no damage.
The jackal is almost dead.
You hit the jackal but do no damage. Your bite misses the jackal.
The jackal is almost dead.
The jackal misses you.
You hit the jackal but do no damage.
The jackal is almost dead.
The jackal closely misses you.
You hit the jackal.
You kill the jackal!
You closely miss the scorpion. You hit the scorpion.
The scorpion is moderately wounded.
The scorpion stings you.
You hit the scorpion. Your bite misses the scorpion.
The scorpion is moderately wounded.
The scorpion barely misses you.
You hit the scorpion but do no damage.
The scorpion is moderately wounded.
You hit the scorpion but do no damage. Your bite misses the scorpion.
The scorpion is moderately wounded.
The scorpion stings you.
You are lethally poisoned!
The scorpion poisons you!
You feel very sick.
* * * LOW HITPOINT WARNING * * *
You feel sick.
* * * LOW HITPOINT WARNING * * *
You feel sick.
It was a potion of heal wounds.
That seemed strangely inert.
J - a potion of heal wounds
* * * LOW HITPOINT WARNING * * *
You feel sick. The scorpion stings you.
* * * LOW HITPOINT WARNING * * *
You are more poisoned.
The scorpion poisons you! The scorpion stings you.
You are more poisoned.
The scorpion poisons you!
You die...

#....# #....# #....#
#####....#
...##....#
...##....#
...##....#########
...##....'.......#
....#....#######@#
....####.# #...#
....# #.# #s###
#...####.# #.#
'..>'..#.#####.#
#...##.#..#..#.#
....#...#.#..#.#
....#........#.#####
.#....##..)..#...s.#


You could see a scorpion.

Vanquished Creatures
  An adder (D:2)
  2 ball pythons (D:1)
  5 bats
  4 endoplasms
  2 goblins (D:1)
  5 hobgoblins
  A jackal (D:2)
  5 kobolds
  A quokka (D:1)
  5 frilled lizards
  4 rats
35 creatures vanquished.

Notes
Turn   | Place    | Note
-------+----------+-------------------------------------------
     0 | D:1      | wakim the Vine Stalker Brigand began the quest for the Orb.
     0 | D:1      | Reached XP level 1. HP: 11/11 MP: 2/2
   136 | D:1      | Found a faded altar of an unknown god.
   150 | D:1      | Reached skill level 1 in Dodging
   161 | D:1      | Reached XP level 2. HP: 14/15 MP: 1/3
  1150 | D:2      | Reached XP level 3. HP: 18/18 MP: 4/4
  1150 | D:2      | Noticed a scorpion
  1931 | D:2      | Succumbed to a scorpion's poison

Illustrated notes

Levels and vault maps discovered:
D:1:      ncdulo_lavacross, layout_loops_ring, ebering_ecumenical_altar_box,
          minmay_hedge_maze, kennysheep_boxes
D:2:      layout_basic, kennysheep_generic_room_9

Skill      XL: |  1  2 |
---------------+-------+-----
Short Blades   | 2 |  2.8
Dodging        | 1 |  1.4
Fighting       | 2 |  2.3
Throwing       | |  1.7
Stealth        | |  4.8

Action                   || total
-------------------------++-------
Melee: Dagger            ||    98
       Bite              ||    19
  Use: Scroll            ||     1
       Potion            ||     1
 Stab: Sleeping          ||    10
       Distracted        ||     1
Armor: Robe              ||    21
Dodge: Dodged            ||    63

Table legend: (Time is in decaauts)
 A = Elapsed time spent in this place.
 B = Non-inter-level travel time spent in this place.
 C = Inter-level travel time spent in this place.
 D = Time resting spent in this place.
 E = Time spent auto-exploring this place.
 F = Levels seen in this place.
 G = Mean time per level.
                   A        B        C        D        E       F      G
               +--------+--------+--------+--------+--------+-----+--------+
         Total |   1902 |   1868 |     34 |      0 |   1524 |   2 |  951.0 |
       Dungeon |   1902 |   1868 |     34 |      0 |   1524 |   2 |  951.0 |
               +--------+--------+--------+--------+--------+-----+--------+

Top non-repeatable levels by time:
     D:1: 1134 daAuts
     D:2: 768 daAuts
